 Dungeon Crawl Stone Soup version 0.30-a0-4-ga7cffc901d (webtiles) character file.

Game seed: 13281416375721157052

21 bearlyready the Shooter (level 3, -4/26 HPs)
             Began as a Human Arcane Marksman on Aug 21, 2022.
             Killed by an exploding gnoll (25 damage)
             ... ignited by their inner flame
             ... on level 4 of the Dungeon.
             The game lasted 00:02:29 (1341 turns).

bearlyready the Shooter (Human Arcane Marksman)     Turns: 1341, Time: 00:02:29

Health: -4/26      AC:  2    Str: 10    XL:     3   Next: 2%
Magic:  3/4        EV: 12    Int: 13    God:
Gold:   18         SH:  0    Dex: 15    Spells: 3/4 levels left

rFire   . . .      SeeInvis .    a - +1 sling
rCold   . . .      Faith    .    (no shield)
rNeg    . . .      Spirit   .    c - +0 robe
rPois   .          Reflect  .    (no helmet)
rElec   .          Harm     .    (no cloak)
rCorr   .          Rampage  .    (no gloves)
Will    .....                    (no boots)
Stlth   +.........               (no amulet)
HPRegen 0.08/turn                (no ring)
MPRegen 0.09/turn                (no ring)

@: no status effects
A: no striking features
a: no special abilities


You were on level 4 of the Dungeon.
You visited 1 branch of the dungeon, and saw 3 of its levels.

You collected 18 gold pieces.

Inventory:

Hand Weapons
 a - a +1 sling (weapon)
Armour
 c - a +0 robe (worn)
Jewellery
 e - a ring of magical power
 i - a ring of flight
Scrolls
 b - 2 scrolls of poison
 g - a scroll of summoning {unknown}
 j - a scroll of identify
 l - a scroll of magic mapping {unknown}
 m - a scroll of amnesia {unknown}
 n - a scroll of enchant armour {unknown}
Potions
 d - 2 potions of haste {unknown}
 f - a potion of heal wounds {unknown}
 h - 3 potions of curing


   Skills:
 - Level 1.0 Fighting
 + Level 3.2 Ranged Weapons
 - Level 2.0 Dodging
 - Level 1.0 Spellcasting
 - Level 3.0 Hexes


You had 3 spell levels left.
You knew the following spells:

 Your Spells              Type           Power      Damage    Failure   Level
a - Slow                  Hex            32%        N/A       9%          1

Your spell library contained the following spells:

 Spells                   Type           Power      Damage    Failure   Level
 Inner Flame              Hex/Fire       4%         N/A       41%         3
 Portal Projectile        Hex/Tloc       8%         N/A       41%         3
 Cause Fear               Hex            4%         N/A       63%         4
 Animate Armour           Summ/Erth      0%         N/A       95%         4
 Blade Hands              Tmut           0%         N/A       100%        5
 Iron Shot                Conj/Erth      0%         9d1       100%        6


Dungeon Overview and Level Annotations

Branches:
Dungeon (2/15)

Altars:

Shops:
D:1 (


Message History

The gnoll bouda barks out a call to the hunt!
The gnoll picks up the pace!
Casting: Slow (safe; 9% risk of failure)
Confirm with . or Enter, or press ? or * to list all spells.
Aiming: Slow (safe; 9% risk of failure)
Press: ? - help, Shift-Dir - straight line, f/p - gnoll bouda
Aim: a gnoll bouda, wielding a +0 club and wearing a +0 robe (lightly wounded, chance to affect: 46%)
The gnoll resists with significant effort.
The gnoll barely misses you.
The gnoll bouda gazes fiercely through you!
You feel your attacks grow feeble.
Casting: Slow (safe; 9% risk of failure)
Confirm with . or Enter, or press ? or * to list all spells.
Aiming: Slow (safe; 9% risk of failure)
Press: ? - help, Shift-Dir - straight line, f/p - gnoll bouda
Aim: a gnoll bouda, wielding a +0 club and wearing a +0 robe (lightly wounded, chance to affect: 46%)
The gnoll seems to slow down.
Your attacks no longer feel as feeble.
A hound comes into view.
Found a brown potion.
The gnoll is no longer moving quickly.
You aren't carrying any items that you can evoke.
Unknown command.
As you read the scroll labelled CERU TUTOFFOKK, it crumbles to dust.
The creatures around you are filled with an inner flame!
It was a scroll of immolation.
The gnoll is no longer moving slowly.
The gnoll barely misses you.
Okay, then.
Fire: a) +1 sling
Press: ? - help, Q - select action, (/) - cycle Shift-Dir - straight line, f/p - gnoll bouda
Aim: a gnoll bouda, wielding a +0 club and wearing a +0 robe (lightly wounded, 61% to hit)
You shoot a sling bullet. The sling bullet hits the gnoll.
Flame seeps out of the gnoll.
The gnoll is moderately wounded.
The gnoll is no longer moving quickly.
The gnoll is engulfed in blazing flames.
The gnoll explodes!
The fiery explosion engulfs the gnoll!!
The fiery explosion engulfs you!!
Ouch! That really hurt!
You die...

####.# #!# ## # ##.##.#
#.##.##
####...#.#######.#...###
'g....[..g.ggg.g.....h..
####...#.#######.#...##
# ##.##.# #g# ## ##
####.# #§# .# #.# #○# .#
###.# #@# .# #...# #.#
.# #.#.# #.# .## #...#
#.# ..# ##.## #.. ..#
#.# ### #.# #.#
#.#####.# ........#


You could see a gnoll bouda and a gnoll (inner flame).

Vanquished Creatures
  2 gnolls (D:4)
  2 dart slugs (D:1)
  An endoplasm (D:1)
  A goblin (D:1)
  3 hobgoblins (D:2)
  2 quokkas (D:1)
  A ball python (D:1)
  4 bats (D:1)
  2 rats (D:1)
18 creatures vanquished.

Notes
Turn   | Place    | Note
-------+----------+-------------------------------------------
     0 | D:1      | bearlyready the Human Arcane Marksman began the quest for
                  | the Orb.
     0 | D:1      | Reached XP level 1. HP: 15/15 MP: 2/2
    58 | D:1      | Found Abre's Weapon Shoppe.
   384 | D:1      | Reached XP level 2. HP: 21/21 MP: 3/3
  1238 | D:2      | Reached XP level 3. HP: 26/26 MP: 4/4
  1240 | D:2      | You fall into a shaft and drop 2 floors!
  1341 | D:4      | Killed by an exploding gnoll... ignited by their inner
                  | flame

Illustrated notes

Levels and vault maps discovered:
D:1:      arrival_zaba_pyramid, layout_basic, serial_shops,
          nicolae_shop_bloodbath_and_beyond
D:2:      layout_rooms, dreamdust_ecumenical_altar_angels_and_demons
D:4:      layout_loops_corners, chequers_temple_overflow_minitemple,
          serial_shops, nicolae_square_shop

Skill      XL: |  1  2 |
---------------+-------+-----
Ranged Weapons | 3 |  3.2
Fighting       | |  1.0
Dodging        | |  2.0
Spellcasting   | |  1.0
Hexes          | |  3.0

Action                   || total
-------------------------++-------
 Fire: Sling             ||    51
 Cast: Slow              ||     5
  Use: Scroll            ||     2
Armor: Robe              ||     5
Dodge: Dodged            ||    28

Table legend: (Time is in decaauts)
 A = Elapsed time spent in this place.
 B = Non-inter-level travel time spent in this place.
 C = Inter-level travel time spent in this place.
 D = Time resting spent in this place.
 E = Time spent auto-exploring this place.
 F = Levels seen in this place.
 G = Mean time per level.
                   A        B        C        D        E       F      G
               +--------+--------+--------+--------+--------+-----+--------+
         Total |   1353 |   1318 |     35 |      0 |   1168 |   3 |  451.0 |
       Dungeon |   1353 |   1318 |     35 |      0 |   1168 |   3 |  451.0 |
               +--------+--------+--------+--------+--------+-----+--------+

Top non-repeatable levels by time:
     D:1: 1229 daAuts
     D:4: 101 daAuts
     D:2: 22 daAuts
